 Dungeon Crawl Stone Soup version 0.18-a0-1413-g4eaa9ac (console) character file.

2793 Liam the Thaumaturge (level 9, -4/45 HPs)
             Began as a Deep Elf Wizard on Feb 25, 2016.
             Slain by benbatman's ghost (23 damage)
             ... on level 7 of the Dungeon.
             The game lasted 00:29:38 (10595 turns).

Liam the Thaumaturge (Deep Elf Wizard)             Turns: 10595, Time: 00:29:38

Health: -4/45      AC:  3    Str:  4    XL:     9   Next: 43%
Magic:  31/39      EV: 13    Int: 27    God:
Gold:   469        SH:  0    Dex: 17    Spells: 6 memorised, 14 levels left

rFire  . . .     SeeInvis .     t - staff of power
rCold  . . .     Gourm    .     a - +0 robe
rNeg   . . .     Faith    .     (no shield)
rPois  .         Spirit   .     b - +0 hat
rElec  .         Dismiss  .     v - +0 cloak
rCorr  .         Reflect  .     (no gloves)
SustAt .         Harm     .     (no boots)
MR     .....                    (no amulet)
Stlth  +.........               l - +4 ring of dexterity
                                o - ring of loudness (curse)

@: not resistant to hostile enchantments, very unstealthy
A: no striking features
a: no special abilities


You were on level 7 of the Dungeon.
You were very hungry.

You visited 2 branches of the dungeon, and saw 9 of its levels.

You collected 469 gold pieces.

Inventory:

Hand Weapons
 e - a +2 dagger of speed
Armour
 a - a +0 robe (worn)
 b - a +0 hat (worn)
 v - a +0 cloak (worn)
Magical Staves
 t - an uncursed staff of power (weapon)
Jewellery
 i - an uncursed ring of fire
 l - a +4 ring of dexterity (right hand)
 n - a +1 ring of evasion {unknown}
 o - a cursed ring of loudness (left hand)
 s - an uncursed amulet of dismissal
Wands
 q - a wand of polymorph (8/24)
 r - a wand of lightning (2/15)
 x - a wand of digging (9/24)
 y - a wand of flame (38/48)
 E - a wand of lightning (9/15)
Scrolls
 f - 7 scrolls of remove curse {unknown}
 j - 6 scrolls of identify
 k - 2 scrolls of enchant weapon {unknown}
 m - a scroll of torment {unknown}
 p - a scroll of enchant armour {unknown}
 u - a scroll of fog {unknown}
 w - 2 scrolls of blinking {unknown}
 B - 2 scrolls of random uselessness {unknown}
 C - a scroll of fear
 F - a scroll of recharging {unknown}
 G - a scroll of teleportation
 H - a scroll of amnesia {unknown}
Potions
 h - a potion of heal wounds
Books
 c - a book of Minor Magic

   Spells                             Type                      Level
   a - Magic Dart                     Conjuration                  1
   b - Blink                          Translocation                2
   c - Call Imp                       Summoning                    2
   d - Repel Missiles                 Charms/Air                   2
   e - Slow                           Hexes                        2
   f - Conjure Flame                  Conjuration/Fire             3
   g - Mephitic Cloud                 Conjuration/Poison/Air       3
Comestibles
 d - a bread ration
 z - 6 beef jerkies
 A - 10 royal jellies


   Skills:
 - Level 2.4 Dodging
 - Level 2.4 Stealth
 + Level 9.6 Spellcasting
 * Level 8.2 Conjurations
 + Level 4.8 Charms
 + Level 3.2 Summonings
 + Level 3.8 Translocations
 + Level 3.4 Fire Magic
 + Level 3.3 Air Magic
 + Level 3.5 Poison Magic


You had 14 spell levels left.
You knew the following spells:

 Your Spells              Type           Power        Failure   Level  Hunger
a - Magic Dart            Conj           ####         1%          1    None
b - Blink                 Tloc           N/A          1%          2    None
d - Mephitic Cloud        Conj/Pois/Air  #####...     1%          3    None
e - Conjure Flame         Conj/Fire      #####...     1%          3    None
i - Call Imp              Summ           ####....     1%          2    None
m - Repel Missiles        Chrm/Air       #####.       1%          2    None


Dungeon Overview and Level Annotations

Branches:
Dungeon (8/15)             Temple (1/1) D:4
   Lair: D:8-11

Altars:
Cheibriados
Elyvilon
Fedhas
Gozag
Kikubaaqudgha
Makhleb
Nemelex Xobeh
Okawaru
Pakellas
Qazlal
Ru
Sif Muna
Trog
Vehumet
Xom
Yredelemnul
Zin
The Shining One

Annotations:
D:7 benbatman's ghost, novice TrMo


Message History

Casting: Magic Dart
Confirm with . or Enter, or press ? or * to list all spells.
Aiming: Magic Dart
Press: ? - help, Shift-Dir - straight line, f/p - benbatman's ghost
Aim: benbatman's ghost (flame, moderately damaged)
The magic dart hits benbatman's ghost.
Benbatman's ghost is moderately damaged.
Benbatman's ghost is engulfed in roaring flames.
Benbatman's ghost hits you!!
Casting: Magic Dart
Confirm with . or Enter, or press ? or * to list all spells.
Aiming: Magic Dart
Press: ? - help, Shift-Dir - straight line, f/p - benbatman's ghost
Aim: benbatman's ghost (flame, heavily damaged)
The magic dart hits benbatman's ghost.
Benbatman's ghost is heavily damaged.
Benbatman's ghost is engulfed in roaring flames.
Benbatman's ghost hits you!!
Ouch! That really hurt!
You die...

##.##.#.#.# #.##.#.#.#
#........# ##############
####.##### #......#......
#####.# #########
##.####.#.##### ......#
#.......# #.......#.#####
......# #.#####.#
#..#.........## .######
#.#####.###....##.#.##'## .#
#.##....@W.>.####.#.##.## .#
####.##.##.###.......###...#
.## #........#.#
#.......##..... ..#
#.##.......# #######..##_._#
..#
#.###....###########...#####
..# #.# #.##.#
#.......#.......#
..####.###.##.#
#.......###...###
.......#......###.......#
#...#
.......#.#.##.....).....#
##.##


You could see benbatman's ghost.

Vanquished Creatures
  Pikel (D:6)
  Grinder (D:6)
  An orc warrior (D:6)
  Duvessa (D:6)
  A sky beast (D:8)
  2 slaves (D:6)
  4 wasps (D:8)
  A phantom (D:6)
  A centaur (D:6)
  2 ogres
  A big kobold (D:8)
  A scorpion (D:5)
  Dowan (D:6)
  3 crimson imps
  2 howler monkeys
  A giant frog zombie (D:6)
  3 orc priests
  A centaur zombie (D:4)
  2 hounds (D:4)
  An orc wizard (D:8)
  A centaur skeleton (D:8)
  2 giant frog skeletons
  A jelly (D:6)
  Crazy Yiuf (D:3)
  Natasha (thrice) (D:3 D:6)
  An iguana (D:8)
  7 worker ants
  A hound zombie (D:6)
  A hound skeleton (D:4)
  4 adders
  A shadow imp (D:6)
  An adder zombie (D:8)
  3 adder skeletons
  3 worms
  2 dart slugs
  6 giant geckos
  18 orcs
  5 giant cockroaches
  10 hobgoblins
  3 quokkas
  3 bats
  A giant gecko zombie (D:8)
  6 giant newts
  7 goblins
  12 kobolds
  4 rats
138 creatures vanquished.

Vanquished Creatures (others)
  A slave (D:6)
  A giant frog (D:6)
2 creatures vanquished.

Grand Total: 140 creatures vanquished

Notes
Turn   | Place    | Note
--------------------------------------------------------------
     0 | D:1      | Liam the Deep Elf Wizard began the quest for the Orb.
     0 | D:1      | Reached XP level 1. HP: 10/10 MP: 7/7
   373 | D:1      | Reached XP level 2. HP: 15/15 MP: 5/9
   619 | D:1      | Learned a level 2 spell: Blink
  1026 | D:2      | Reached skill level 5 in Spellcasting
  1524 | D:2      | Reached XP level 3. HP: 19/19 MP: 3/11
  1691 | D:2      | Found a snail-covered altar of Cheibriados.
  2003 | D:3      | Noticed Natasha
  2009 | D:3      | Killed Natasha
  2132 | D:3      | Found a stormy altar of Qazlal.
  2154 | D:3      | Reached XP level 4. HP: 13/24 MP: 6/13
  2240 | D:3      | Found a shimmering altar of Xom.
  2281 | D:3      | Found a sacrificial altar of Ru.
  2557 | D:3      | Reached skill level 6 in Spellcasting
  3019 | D:3      | Noticed Crazy Yiuf
  3029 | D:3      | Killed Crazy Yiuf
  3029 | D:3      | Reached XP level 5. HP: 18/28 MP: 6/15
  3134 | D:4      | Found an oddly glowing altar of Pakellas.
  3455 | D:3      | Learned a level 2 spell: Repel Missiles
  3459 | D:3      | Learned a level 3 spell: Conjure Flame
  3463 | D:3      | Learned a level 3 spell: Mephitic Cloud
  3909 | D:4      | Reached skill level 7 in Spellcasting
  3909 | D:4      | Reached XP level 6. HP: 27/32 MP: 11/18
  4004 | D:4      | Reached skill level 5 in Conjurations
  4088 | D:4      | Found a staircase to the Ecumenical Temple.
  4740 | Temple   | Entered the Ecumenical Temple
  4943 | D:5      | Entered Level 5 of the Dungeon
  5355 | D:5      | Found a deep blue altar of Sif Muna.
  5484 | D:5      | HP: 1/32 [poisoned by a worker ant]
  5675 | D:5      | Found a stormy altar of Qazlal.
  5712 | D:5      | Reached skill level 8 in Spellcasting
  5712 | D:5      | Reached XP level 7. HP: 36/36 MP: 20/20
  5796 | D:5      | Learned a level 2 spell: Call Imp
  6480 | D:5      | Found a bloodstained altar of Trog.
  6723 | D:6      | Reached skill level 1 in Charms
  6757 | D:6      | Noticed Dowan
  6759 | D:6      | Noticed Duvessa
  6768 | D:6      | Killed Dowan
  6775 | D:6      | Killed Duvessa
  6775 | D:6      | Reached skill level 1 in Air Magic
  6775 | D:6      | Reached skill level 1 in Poison Magic
  7098 | D:6      | Noticed Pikel
  7122 | D:6      | Killed Pikel
  7122 | D:6      | Reached skill level 1 in Fire Magic
  7122 | D:6      | Reached XP level 8. HP: 41/41 MP: 19/22
  7290 | D:6      | Noticed Natasha
  7300 | D:6      | Killed Natasha
  7488 | D:6      | Noticed Natasha
  7521 | D:6      | Killed Natasha
  7521 | D:6      | Reached skill level 9 in Spellcasting
  7615 | D:6      | Noticed Grinder
  7796 | D:7      | Found a basalt altar of Yredelemnul.
  7968 | D:7      | Found a burning altar of Makhleb.
  7969 | D:7      | Found a radiant altar of Vehumet.
  8280 | D:6      | Killed Grinder
  8434 | D:6      | Reached XP level 9. HP: 31/45 MP: 20/24
  9892 | D:8      | Found a glowing silver altar of Zin.
  9892 | D:8      | Found a white marble altar of Elyvilon.
  9892 | D:8      | Found a glowing golden altar of the Shining One.
 10586 | D:7      | Noticed benbatman's ghost (novice TrMo)
 10595 | D:7      | Slain by benbatman's ghost

Vault maps used:
D:1:      dpeg_arrival_lava_temple_mockup, roderic_lattice_a
D:2:      cheibriados_altar_1, minmay_misc_feat_square
D:3:      nicolae_overflow_hidden_temple, nicolae_ru_sacrificial_ziggurat,
          first_bread, grunt_qazlal_sundering, uniq_natasha,
          uniq_crazy_yiuf_cottage
D:4:      lemuel_round_altar, minmay_temple_entry_mist
D:5:      led_sif_pool, nicolae_overflow_crystal_walls, trog_hazing_becter
D:6:      uniq_grinder, uniq_duvessa, uniq_pikel
D:7:      grunt_temple_overflow_lords_of_destruction, yredelemnul_altar_generic
D:8:      good_gods_mini_temple, serial_co_window_serial, co_window_paths_b,
          co_window_corner_a, co_window_corner_a, co_window_corner_a,
          co_window_corner_a, co_window_of_opportunity_a, co_window_corner_a,
          co_window_corner_a, co_window_corner_a, co_window_of_opportunity_c,
          co_window_broadway_c, co_window_broadway_c, co_window_broadway_b,
          co_window_paths_c, glass_columns_a, glass_columns_a,
          hangedman_pestilent_swarm
Temple:   temple_of_Zot_ovaries

Skill      XL: |  1  2  3  4  5  6  7  8  9 |
---------------+----------------------------+-----
Conjurations   | 2 3 4 6 7 8 |  8.2
Spellcasting   | 5 6 7 8 9 |  9.6
Charms         | 3 4 |  4.8
Air Magic      | 1 2 3 |  3.3
Poison Magic   | 2 3 |  3.5
Summonings     | 2 3 |  3.2
Translocations | 2 3 |  3.8
Fire Magic     | 1 2 3 |  3.4
Dodging        | |  2.4
Stealth        | |  2.4

Action                   |  1- 3 |  4- 6 |  7- 9 || total
-------------------------+-------+-------+-------++-------
Melee: Staff             |       |       |     2 ||     2
 Cast: Magic Dart        |    83 |   155 |   334 ||   572
       Blink             |       |     8 |    13 ||    21
       Conjure Flame     |       |     8 |    10 ||    18
       Mephitic Cloud    |       |       |    14 ||    14
       Repel Missiles    |       |       |     1 ||     1
  Use: Scroll            |       |     4 |       ||     4
       Potion            |       |     2 |     9 ||    11
  Eat: Chunk             |     4 |     3 |    10 ||    17
       Bread ration      |       |     2 |       ||     2
       Fruit             |       |       |     3 ||     3
